 Dungeon Crawl Stone Soup version 0.22.0-5-gf09313c (webtiles) character file.

157 MrElk the Ducker (level 5, -1/26 HPs)
             Began as a Spriggan Gladiator on Aug 13, 2018.
             Slain by a hound skeleton (4 damage)
             ... on level 4 of the Dungeon.
             The game lasted 00:06:14 (2763 turns).

MrElk the Ducker (Spriggan Gladiator)               Turns: 2763, Time: 00:06:15

Health: -1/26      AC:  4    Str: 10    XL:     5   Next: 15%
Magic:  6/6        EV: 21    Int: 10    God:
Gold:   115        SH:  0    Dex: 18    Spells: 4/4 levels left

rFire    . . .     SeeInvis +   a - +0 quarterstaff
rCold    . . .     Gourm    .   (shield currently unavailable)
rNeg     . . .     Faith    .   m - +0 robe
rPois    .         Spirit   .   c - +0 hat
rElec    .         Reflect  .   b - +1 cloak
rCorr    .         Harm     .   (gloves unavailable)
MR       .....                  (boots unavailable)
Stlth    +++.......             (no amulet)
HPRegen  0.08/turn              (no ring)
MPRegen  0.10/turn              (no ring)

@: lethally poisoned (-1 -> -12), very quick
A: very small, unfitting armour, see invisible, herbivore, speed 3, slow
metabolism 2
a: no special abilities


You were on level 4 of the Dungeon.
You were not hungry.

You visited 1 branch of the dungeon, and saw 4 of its levels.

You collected 115 gold pieces.

Inventory:

Hand Weapons
 a - a +0 quarterstaff (weapon)
Missiles
 d - 3 throwing nets (quivered)
Armour
 b - a +1 cloak (worn)
 c - a +0 hat (worn)
 m - a +0 robe (worn)
Scrolls
 e - a scroll of identify {unknown}
 l - 2 scrolls of blinking {unknown}
 n - a scroll of remove curse {unknown}
 o - a scroll of immolation {unknown}
 p - a scroll of enchant weapon {unknown}
 q - 2 scrolls of teleportation {unknown}
Potions
 g - 3 potions of heal wounds {unknown}
 i - a potion of lignification {unknown}
 j - a potion of degeneration {unknown}
 k - a potion of curing {unknown}
 r - a potion of agility {unknown}
 s - a potion of flight {unknown}
Comestibles
 f - 3 rations


   Skills:
 + Level 2.1 Fighting
 + Level 3.2 Staves
 - Level 2.0 Throwing
 + Level 5.3 Dodging
 * Level 4.0 Stealth


You had 4 spell levels left.
You didn't know any spells.
Your spell library was empty.

Dungeon Overview and Level Annotations

Branches:
Dungeon (4/15)
 Temple: D:4-7

Altars:
Elyvilon
Gozag

Annotations:
D:3 Sigmund


Innate Abilities, Weirdness & Mutations

You are very small and have problems with some larger weapons.
You are too small for most types of armour.
You have supernaturally acute eyesight. (SInv)
You are a herbivore.
You cover ground extremely quickly.
You need to consume almost no food.


Message History

You feel sick. The hound skeleton misses you.
You hit the hound skeleton.
The hound skeleton is moderately damaged.
You feel sick. The hound skeleton misses you. x2
You barely miss the hound skeleton.
The hound skeleton is moderately damaged.
* * * LOW HITPOINT WARNING * * *
You feel sick.
The hound skeleton bites you but does no damage.
You completely miss the hound skeleton.
The hound skeleton is moderately damaged.
* * * LOW HITPOINT WARNING * * *
You feel sick. The hound skeleton closely misses you.
The hound skeleton bites you.
* * * LOW HITPOINT WARNING * * *
You hit the hound skeleton.
The hound skeleton is heavily damaged.
* * * LOW HITPOINT WARNING * * *
You feel sick. The hound skeleton bites you.
You die...

#..a...# .# #......#
.# ## ..ยง....# .# ..
##..# #.##.# ..
###..# ##$$$.# .
###..5## #.$_$.#
###...### ##.$.$##
##>.########...####.#
..5##<.........Z@...#
...........##########
...######### #### # #
# #


You could see a hound skeleton.

Vanquished Creatures
  A crimson imp (D:4)
  A bullfrog skeleton (D:4)
  A worker ant (D:4)
  2 adders
  An ooze (D:1)
  4 orcs (D:3)
  A ball python (D:1)
  2 giant cockroaches
  7 hobgoblins
  7 kobolds
  2 quokkas
  4 bats
  3 frilled lizards
  7 goblins
  5 rats
48 creatures vanquished.

Notes
Turn   | Place    | Note
-------+----------+-------------------------------------------
     0 | D:1      | MrElk the Spriggan Gladiator began the quest for the Orb.
     0 | D:1      | Reached XP level 1. HP: 10/10 MP: 2/2
   356 | D:1      | Reached skill level 1 in Stealth
   447 | D:1      | Reached XP level 2. HP: 14/14 MP: 3/3
   858 | D:2      | Reached skill level 5 in Dodging
   860 | D:2      | Reached XP level 3. HP: 18/18 MP: 4/4
  1175 | D:2      | Found a white marble altar of Elyvilon.
  2157 | D:3      | Noticed Sigmund
  2387 | D:4      | Reached XP level 4. HP: 17/23 MP: 5/5
  2714 | D:4      | Found an opulent altar of Gozag.
  2759 | D:4      | Reached XP level 5. HP: 11/26 MP: 6/6
  2763 | D:4      | Slain by a hound skeleton

Skill      XL: |  1  2  3  4 |
---------------+-------------+-----
Stealth        | 1 2 3 4 |  4.0
Dodging        | 5 |  5.3
Fighting       | 2 |  2.1
Staves         | 3 |  3.2
Throwing       | |  2.0

Action                   |  1- 3 |  4- 6 || total
-------------------------+-------+-------++-------
Melee: Quarterstaff      |   129 |    39 ||   168
 Stab: Sleeping          |    11 |       ||    11
Armor: Robe              |    15 |     9 ||    24
Dodge: Dodged            |   121 |    40 ||   161
